 Dungeon Crawl Stone Soup version 0.29.1-1-gd02db6906a (webtiles) character file.

Game seed: 503349623788623588

69 gzilladon the Chopper (level 4, -2/40 HPs)
             Began as a Hill Orc Monk on Sept 27, 2022.
             Slain by a gnoll
             ... wielding a +0 flail
              (4 damage)
             ... on level 3 of the Dungeon.
             The game lasted 00:07:46 (2172 turns).

gzilladon the Chopper (Hill Orc Monk)               Turns: 2172, Time: 00:07:47

Health: -2/40      AC:  7    Str: 15    XL:     4   Next: 20%
Magic:  0/4        EV: 11    Int: 10    God:
Gold:   82         SH:  0    Dex: 13    Spells: 3/3 levels left

rFire   + . .      SeeInvis .   a - +0 hand axe
rCold   . . .      Faith    .   (no shield)
rNeg    . . .      Spirit   +   f - +0 ring mail {rF+}
rPois   .          Reflect  .   (no helmet)
rElec   .          Harm     .   (no cloak)
rCorr   .          Rampage  .   m - +0 pair of gloves
Will    .....                   p - +0 pair of boots
Stlth   +.........              l - amulet of guardian spirit
HPRegen 0.13/turn               (no ring)
MPRegen 0.09/turn               (no ring)

@: no status effects
A: no striking features
a: no special abilities


You were on level 3 of the Dungeon.
You visited 1 branch of the dungeon, and saw 3 of its levels.

You collected 82 gold pieces.

Inventory:

Hand Weapons
 a - a +0 hand axe (weapon)
Missiles
 e - 28 stones (quivered)
 i - 6 javelins
 j - 3 poisoned darts
Armour
 b - a +0 robe
 f - a +0 ring mail of fire resistance (worn)
 m - a +0 pair of gloves (worn)
 p - a +0 pair of boots (worn)
Jewellery
 l - an amulet of guardian spirit (around neck)
Scrolls
 d - a scroll of enchant armour {unknown}
 g - 2 scrolls of identify {unknown}
 q - a scroll of blinking {unknown}
Potions
 c - 2 potions of ambrosia
 h - 2 potions of brilliance {unknown}
 k - a potion of heal wounds {unknown}
 n - a potion of might {unknown}
 o - a potion of mutation {unknown}


   Skills:
 + Level 4.1 Fighting
 * Level 5.6 Axes
 + Level 1.0 Armour
 + Level 2.6 Dodging
 - Level 1.5 Stealth


You had 3 spell levels left.
You didn't know any spells.
Your spell library contained the following spells:

 Spells                   Type           Power      Damage    Failure   Level
 Summon Small Mammal      Summ           0%         N/A       58%         1
 Call Canine Familiar     Summ           0%         N/A       92%         3
 Summon Guardian Golem    Hex/Summ       0%         N/A       92%         3


Dungeon Overview and Level Annotations

Branches:
Dungeon (3/15)

Altars:


Message History

You hit the gnoll. The gnoll hits you with a +0 club. x2
You hit the gnoll but do no damage.
The gnoll is almost dead.
You barely miss the gnoll. The gnoll closely misses you.
The gnoll hits you but does no damage.
You hit the gnoll but do no damage.
The gnoll is almost dead.
You hit the gnoll. The gnoll closely misses you.
The gnoll hits you with a +0 club. The gnoll hits you but does no damage.
You closely miss the gnoll.
The gnoll is almost dead.
You closely miss the gnoll. The gnoll closely misses you.
A gnoll comes into view. It is wielding a +0 flail.
The gnoll hits you with a +0 club.
You barely miss the gnoll.
The gnoll is almost dead.
You closely miss the gnoll. The gnoll hits you but does no damage.
The gnoll closely misses you.
You barely miss the gnoll.
The gnoll is almost dead.
The gnoll shouts!
You hit the gnoll but do no damage. You barely miss the gnoll.
The gnoll closely misses you. x2; The gnoll hits you with a +0 club.
You closely miss the gnoll.
The gnoll is almost dead.
You hit the gnoll. You hit the gnoll but do no damage.
The gnoll hits you with a +0 flail!
* * * LOW HITPOINT WARNING * * *
The gnoll hits you with a +0 club.
* * * LOW HITPOINT WARNING * * *
The gnoll hits you with a +0 club.
* * * LOW HITPOINT WARNING * * *
The gnoll hits you with a +0 club!
* * * LOW HITPOINT WARNING * * *
The gnoll attacks as you move away! The gnoll closely misses you.
The gnoll hits you but does no damage. The gnoll attacks as you move away!
The gnoll barely misses you. The gnoll attacks as you move away!
The gnoll closely misses you. The gnoll hits you with a +0 flail.
You die...

#.####......
#..#.......#
#...#.#.#.#
.....~~ #........#
....~.. #..#.#.#†#
....~..
#...g....##
.....~~
#..#g#.#..# .....
#....gg...# ...
#......@..##.#
#######.....#####
#
#####.[...########
#####.......).
######.### #.#..
#.#.. #.### #.# #


You could see 4 gnolls.

Vanquished Creatures
  An adder (D:3)
  3 dart slugs
  An orc (D:3)
  8 endoplasms
  2 giant cockroaches
  5 goblins
  6 hobgoblins
  A quokka (D:1)
  4 ball pythons
  5 bats
  2 frilled lizards (D:2)
  4 kobolds
  4 rats
  A spectral hobgoblin (D:2)
47 creatures vanquished.

Notes
Turn   | Place    | Note
-------+----------+-------------------------------------------
     0 | D:1      | gzilladon the Hill Orc Monk began the quest for the Orb.
     0 | D:1      | Reached XP level 1. HP: 19/19 MP: 1/1
   238 | D:1      | Reached XP level 2. HP: 27/27 MP: 2/2
   710 | D:1      | Reached XP level 3. HP: 33/33 MP: 3/3
   736 | D:1      | Reached skill level 5 in Axes
  1769 | D:2      | Found a faded altar of an unknown god.
  1999 | D:3      | Reached skill level 1 in Armour
  1999 | D:3      | Reached XP level 4. HP: 29/40 MP: 4/4
  2168 | D:3      | HP: 2/40 [gnoll/+0 club (6)]
  2172 | D:3      | Slain by a gnoll

Illustrated notes

Levels and vault maps discovered:
D:1:      dpeg_arrival_castle, layout_basic
D:2:      layout_loops_corners, dreamdust_ecumenical_altar_drowned_temple
D:3:      cheibrodos_helix_gallery, layout_basic, serial_glass, glass_columns_b,
          glass_columns_b, glass_columns_a

Skill      XL: |  1  2  3 |
---------------+----------+-----
Fighting       | 4 |  4.1
Axes           | 5 |  5.6
Armour         | 1 |  1.0
Dodging        | |  2.6
Stealth        | |  1.5

Action                   |  1- 3 |  4- 6 || total
-------------------------+-------+-------++-------
Melee: Hand axe          |   142 |    27 ||   169
       Punch             |     5 |     3 ||     8
 Stab: Sleeping          |     1 |       ||     1
Armor: Ring mail         |    58 |    11 ||    69
Dodge: Dodged            |    84 |    18 ||   102
